SAAA
PURE MICHIGAN GREAT LAKERS @ ALASKAN HUMPBACKS
09/17/2029
 
TOP OF THE 1ST
Pure Michigan Great Lakers batting - Pitching for Alaskan Humpbacks : LHP Hervé Favier
Pitching: LHP Hervé Favier
Batting: RHB Roberto Hernández 0-0: Swinging Strike
0-1: Swinging Strike
0-2: SOLO HOME RUN (Flyball, 7LD), Distance : 340 ft
Batting: SHB Keyveat Postell 0-0: Ball
1-0: Ball
2-0: Ball
3-0: Called Strike
3-1: Foul Ball, location: 2F
3-2: Foul Ball, location: 2F
3-2: Base on Balls
Batting: SHB Shiki Sanu 0-0: Called Strike
0-1: DOUBLE (Flyball, 78D)
Keyveat Postell to third
Batting: LHB Lance Antle 0-0: Called Strike
0-1: Foul Ball, location: 2F
0-2: Ground out 4-3 (Groundball, 4)
Keyveat Postell scores
Shiki Sanu to third
Batting: RHB Steve Irwin 0-0: Ball
1-0: Called Strike
1-1: Foul Ball, location: 2F
1-2: Ball
2-2: Ball
3-2: Foul Ball, location: 2F
3-2: Foul Ball, location: 2F
3-2: Ground out 6-3 (Groundball, 6M)
Shiki Sanu scores
Batting: RHB Cole Shaffer 0-0: Ball
1-0: Ground out U3 (Groundball, 3)
Top of the 1st over - 3 runs, 2 hits, 0 errors, 0 left on base; Pure Michigan 3 - Alaskan 0
BOTTOM OF THE 1ST
Alaskan Humpbacks batting - Pitching for Pure Michigan Great Lakers : RHP Kazu Shimada
Pitching: RHP Kazu Shimada
Batting: RHB Gregory Shankland 0-0: Ball
1-0: Ball
2-0: Foul Ball, location: 2F
2-1: Fly out, F4 (Popup, 4MD)
Batting: RHB Jesús Torres 0-0: Called Strike
0-1: Ball
1-1: Foul Ball, location: 2F
1-2: Strikes out swinging
Batting: SHB Kai-xi Choe 0-0: Ball
1-0: Fly out, F8 (Flyball, 8LXD)
Bottom of the 1st over - 0 runs, 0 hits, 0 errors, 0 left on base; Pure Michigan 3 - Alaskan 0
TOP OF THE 2ND
Pure Michigan Great Lakers batting - Pitching for Alaskan Humpbacks : LHP Hervé Favier
Batting: RHB Lorenzo Ruíz 0-0: Called Strike
0-1: Ball
1-1: Ball
2-1: Ball
3-1: Foul Ball, location: 2F
3-2: Foul Ball, location: 2F
3-2: SINGLE (Groundball, 56D)
Batting: RHB Ramiro Gonzáles 0-0: Ball
1-0: Called Strike
1-1: Called Strike
1-2: Strikes out swinging
Batting: RHB George St. Clair 0-0: Fly out, F7 (Flyball, 78S)
Batting: RHB Roberto Hernández 0-0: Called Strike
0-1: Foul Ball, location: 2F
0-2: Foul Ball, location: 2F
0-2: Ball
1-2: SINGLE (Line Drive, 7S)
Lorenzo Ruíz to second
Batting: SHB Keyveat Postell 0-0: Fly out, F4 (Popup, 34)
Top of the 2nd over - 0 runs, 2 hits, 0 errors, 2 left on base; Pure Michigan 3 - Alaskan 0
BOTTOM OF THE 2ND
Alaskan Humpbacks batting - Pitching for Pure Michigan Great Lakers : RHP Kazu Shimada
Batting: RHB Urs van Munster 0-0: Called Strike
0-1: Ball
1-1: Ground out U3 (Groundball, 34S)
Batting: RHB Reece Cockin 0-0: Swinging Strike
0-1: SINGLE (Groundball, 5D)
Batting: RHB Jesús Amador 0-0: Ball
Reece Cockin steals 2nd base
1-0: Foul Ball, location: 2F
1-1: Swinging Strike
1-2: Ball
2-2: Fly out, F8 (Line Drive, 8LM)
Batting: LHB Miguel Martínez 0-0: Ball
1-0: Swinging Strike
1-1: Ball
2-1: Foul Ball, location: 2F
2-2: Ball
3-2: Ground out 4-3 (Groundball, 4)
Bottom of the 2nd over - 0 runs, 1 hit, 0 errors, 1 left on base; Pure Michigan 3 - Alaskan 0
TOP OF THE 3RD
Pure Michigan Great Lakers batting - Pitching for Alaskan Humpbacks : LHP Hervé Favier
Batting: SHB Shiki Sanu 0-0: Called Strike
0-1: Ball
1-1: Swinging Strike
1-2: Ball
2-2: Strikes out looking
Batting: LHB Lance Antle 0-0: Foul Ball, location: 2F
0-1: Ball
1-1: SINGLE (Line Drive, 4MD)
Batting: RHB Steve Irwin 0-0: Ball
1-0: Ball
2-0: Foul Ball, location: 2F
2-1: Fly out, F8 (Flyball, 8RD)
Runner from 1st tags up, SAFE at 2nd
Batting: RHB Cole Shaffer 0-0: Foul Ball, location: 2F
0-1: Fly out, F9 (Flyball, 9D)
Top of the 3rd over - 0 runs, 1 hit, 0 errors, 1 left on base; Pure Michigan 3 - Alaskan 0
BOTTOM OF THE 3RD
Alaskan Humpbacks batting - Pitching for Pure Michigan Great Lakers : RHP Kazu Shimada
Batting: LHB Kelly Drijver 0-0: Ball
1-0: Foul Ball, location: 2F
1-1: Foul Ball, location: 2F
1-2: Ball
2-2: Ball
3-2: Foul Ball, location: 2F
3-2: SINGLE (Line Drive, 7LS)
Batting: RHB Peter Agulera 0-0: Ball
1-0: Ball
2-0: Ball
3-0: Called Strike
3-1: Base on Balls
Kelly Drijver to second
Batting: RHB Gregory Shankland 0-0: Ball
1-0: Ball
2-0: Ball
3-0: Base on Balls
Kelly Drijver to third
Peter Agulera to second
Batting: RHB Jesús Torres 0-0: Ball
1-0: Hit by Pitch
Kelly Drijver scores
Peter Agulera to third
Gregory Shankland to second
Batting: SHB Kai-xi Choe 0-0: DOUBLE (Flyball, 78D)
Peter Agulera scores
Gregory Shankland scores
Jesús Torres to third
Runner from 3rd tries for Home, SAFE, no throw
Batting: RHB Urs van Munster 0-0: Called Strike
Kai-xi Choe steals 3rd base
0-1: Ball
1-1: Ball
2-1: Swinging Strike
2-2: Ball
3-2: SINGLE (Groundball, 56) (infield hit)
Kai-xi Choe scores
Batting: RHB Reece Cockin 0-0: Called Strike
0-1: Called Strike
Urs van Munster steals 2nd base
0-2: Strikes out swinging
Batting: RHB Jesús Amador 0-0: Foul Ball, location: 2F
0-1: Ball
1-1: Ball
2-1: Ball
3-1: Ground out 6-3 (Groundball, 6)
Urs van Munster to third
Batting: LHB Miguel Martínez 0-0: Ball
1-0: Called Strike
1-1: Ball
2-1: Swinging Strike
2-2: Foul Ball, location: 2F
2-2: Fly out, F8 (Flyball, 78D)
Bottom of the 3rd over - 5 runs, 3 hits, 0 errors, 1 left on base; Pure Michigan 3 - Alaskan 5
TOP OF THE 4TH
Pure Michigan Great Lakers batting - Pitching for Alaskan Humpbacks : LHP Hervé Favier
Batting: RHB Lorenzo Ruíz 0-0: Called Strike
0-1: SINGLE (Groundball, 4MD)
Batting: RHB Ramiro Gonzáles 0-0: Swinging Strike
0-1: Swinging Strike
0-2: Ball
1-2: Ball
2-2: Foul Ball, location: 2F
2-2: Ball
3-2: Base on Balls
Lorenzo Ruíz to second
Batting: RHB George St. Clair 0-0: Ball
1-0: SINGLE (Groundball, 6MD)
Lorenzo Ruíz to third
Ramiro Gonzáles to second
Batting: RHB Roberto Hernández 0-0: Ball
1-0: Swinging Strike
1-1: Foul Ball, location: 2F
1-2: Ball
2-2: Grounds into double play, 5-4-3 (Groundball, 56)
Lorenzo Ruíz scores
Ramiro Gonzáles to third
Batting: SHB Keyveat Postell 0-0: Ball
Wild Pitch!
Ramiro Gonzáles scores
1-0: Ball
2-0: SINGLE (Groundball, 6MS) (infield hit)
Batting: SHB Shiki Sanu 0-0: Ball
1-0: Ball
2-0: Called Strike
2-1: SINGLE (Line Drive, 6M)
Keyveat Postell to second
Runner from 2nd tries for 3rd, SAFE, no throw
Batting: LHB Lance Antle 0-0: Foul Ball, location: 2F
0-1: Ball
1-1: Foul Ball, location: 2F
1-2: Ball
2-2: Foul Ball, location: 2F
2-2: Ball
Wild Pitch!
Keyveat Postell scores
Shiki Sanu to second
3-2: Strikes out looking
Top of the 4th over - 3 runs, 4 hits, 0 errors, 1 left on base; Pure Michigan 6 - Alaskan 5
BOTTOM OF THE 4TH
Alaskan Humpbacks batting - Pitching for Pure Michigan Great Lakers : RHP Kazu Shimada
Batting: LHB Kelly Drijver 0-0: Foul Ball, location: 2F
0-1: Called Strike
0-2: Foul Ball, location: 2F
0-2: Fly out, F2 (Popup, 23F)
Batting: RHB Peter Agulera 0-0: Ball
1-0: Called Strike
1-1: Ball
2-1: Ball
3-1: Base on Balls
Batting: RHB Gregory Shankland 0-0: Ball
1-0: Called Strike
1-1: Ball
2-1: Ball
3-1: Foul Ball, location: 2F
3-2: Fly out, F9 (Line Drive, 9D)
Batting: RHB Jesús Torres 0-0: Ball
Peter Agulera is caught stealing 2nd base
Bottom of the 4th over - 0 runs, 0 hits, 0 errors, 0 left on base; Pure Michigan 6 - Alaskan 5
TOP OF THE 5TH
Pure Michigan Great Lakers batting - Pitching for Alaskan Humpbacks : LHP Hervé Favier
Pitching: RHP Andrew Webster
Batting: RHB Steve Irwin 0-0: Ball
1-0: Ball
2-0: Foul Ball, location: 2F
2-1: Foul Ball, location: 2F
2-2: Ground out 6-3 (Groundball, 56D)
Batting: RHB Cole Shaffer 0-0: Swinging Strike
0-1: Called Strike
0-2: Fly out, F9 (Flyball, 89D)
Batting: RHB Lorenzo Ruíz 0-0: Ball
1-0: Called Strike
1-1: Ball
2-1: SINGLE (Groundball, 56D)
Batting: RHB Ramiro Gonzáles 0-0: Ball
1-0: Ball
2-0: Ball
3-0: Called Strike
3-1: Swinging Strike
3-2: Fly out, F9 (Line Drive, 89D)
Top of the 5th over - 0 runs, 1 hit, 0 errors, 1 left on base; Pure Michigan 6 - Alaskan 5
BOTTOM OF THE 5TH
Alaskan Humpbacks batting - Pitching for Pure Michigan Great Lakers : RHP Kazu Shimada
Batting: RHB Jesús Torres 0-0: Ground out 4-3 (Groundball, 4)
Batting: SHB Kai-xi Choe 0-0: Ball
1-0: Ball
2-0: Called Strike
2-1: Fly out, F7 (Flyball, 7LM)
Batting: RHB Urs van Munster 0-0: Ball
1-0: Called Strike
1-1: Swinging Strike
1-2: Strikes out looking
Bottom of the 5th over - 0 runs, 0 hits, 0 errors, 0 left on base; Pure Michigan 6 - Alaskan 5
TOP OF THE 6TH
Pure Michigan Great Lakers batting - Pitching for Alaskan Humpbacks : RHP Andrew Webster
Batting: RHB George St. Clair 0-0: Ball
1-0: Called Strike
1-1: Ball
2-1: Ball
3-1: Foul Ball, location: 2F
3-2: Foul Ball, location: 2F
3-2: Foul Ball, location: 2F
3-2: Ground out 6-3 (Groundball, 6)
Batting: RHB Roberto Hernández 0-0: Called Strike
0-1: Ground out 4-3 (Groundball, 4)
Batting: SHB Keyveat Postell 0-0: Ball
1-0: SINGLE (Line Drive, 9S)
Batting: SHB Shiki Sanu 0-0: Ball
1-0: Ball
2-0: Called Strike
2-1: Ball
Wild Pitch!
Keyveat Postell to second
3-1: Fly out, F8 (Flyball, 8LD)
Top of the 6th over - 0 runs, 1 hit, 0 errors, 1 left on base; Pure Michigan 6 - Alaskan 5
BOTTOM OF THE 6TH
Alaskan Humpbacks batting - Pitching for Pure Michigan Great Lakers : RHP Kazu Shimada
Batting: RHB Reece Cockin 0-0: Called Strike
0-1: Swinging Strike
0-2: Foul Ball, location: 2F
0-2: Ball
1-2: Ball
2-2: Foul Ball, location: 2F
2-2: Foul Ball, location: 2F
2-2: Strikes out looking
Batting: RHB Jesús Amador 0-0: Swinging Strike
0-1: Ball
1-1: Ball
2-1: Ball
3-1: Called Strike
3-2: Fly out, F9 (Flyball, 9LM)
Batting: LHB Miguel Martínez 0-0: Ball
1-0: Ground out 4-3 (Groundball, 4)
Bottom of the 6th over - 0 runs, 0 hits, 0 errors, 0 left on base; Pure Michigan 6 - Alaskan 5
TOP OF THE 7TH
Pure Michigan Great Lakers batting - Pitching for Alaskan Humpbacks : RHP Andrew Webster
Batting: LHB Lance Antle 0-0: Fly out, F9 (Flyball, 9D)
Batting: RHB Steve Irwin 0-0: Ball
1-0: Called Strike
1-1: Ball
2-1: Swinging Strike
2-2: Strikes out looking
Batting: RHB Cole Shaffer 0-0: Swinging Strike
0-1: Foul Ball, location: 2F
0-2: Strikes out swinging
Top of the 7th over - 0 runs, 0 hits, 0 errors, 0 left on base; Pure Michigan 6 - Alaskan 5
BOTTOM OF THE 7TH
Alaskan Humpbacks batting - Pitching for Pure Michigan Great Lakers : RHP Kazu Shimada
Batting: LHB Kelly Drijver 0-0: Ball
1-0: Foul Ball, location: 2F
1-1: Swinging Strike
1-2: Strikes out swinging
Batting: RHB Peter Agulera 0-0: Ball
1-0: SINGLE (Flyball, 8RS)
Batting: RHB Gregory Shankland 0-0: Ball
1-0: DOUBLE (Line Drive, 8LD)
Peter Agulera to third
Pitching: RHP Noah Shellenbarger
Batting: RHB Jesús Torres 0-0: Ball
1-0: Called Strike
1-1: Ball
2-1: Called Strike
2-2: Fly out, F8 (Flyball, 8LM)
Runner from 3rd tags up, SCORES, no throw
Batting: SHB Kai-xi Choe 0-0: SINGLE (Line Drive, 34)
Gregory Shankland to third
Runner from 3rd tries for Home, SAFE, no throw
Batting: RHB Urs van Munster 0-0: Ball
Kai-xi Choe steals 2nd base
1-0: SINGLE (Line Drive, 8RS)
Kai-xi Choe to third
Runner from 3rd tries for Home, SAFE, no throw
Batting: RHB Reece Cockin 0-0: Ball
1-0: Ball
2-0: Called Strike
2-1: Ball
3-1: Called Strike
3-2: Strikes out swinging
Bottom of the 7th over - 3 runs, 4 hits, 0 errors, 1 left on base; Pure Michigan 6 - Alaskan 8
TOP OF THE 8TH
Pure Michigan Great Lakers batting - Pitching for Alaskan Humpbacks : RHP Andrew Webster
Batting: RHB Lorenzo Ruíz 0-0: Swinging Strike
0-1: Fly out, F9 (Flyball, 9LMF)
Batting: RHB Ramiro Gonzáles 0-0: Called Strike
0-1: Ball
1-1: Foul Ball, location: 2F
1-2: Foul Ball, location: 2F
1-2: Ball
2-2: Ball
3-2: Foul Ball, location: 2F
3-2: Strikes out swinging
Pitching: RHP Juan Sánchez
Batting: RHB George St. Clair 0-0: Foul Ball, location: 2F
0-1: Swinging Strike
0-2: Strikes out swinging
Top of the 8th over - 0 runs, 0 hits, 0 errors, 0 left on base; Pure Michigan 6 - Alaskan 8
BOTTOM OF THE 8TH
Alaskan Humpbacks batting - Pitching for Pure Michigan Great Lakers : RHP Noah Shellenbarger
Batting: RHB Jesús Amador 0-0: Fly out, F8 (Flyball, 89XD)
Batting: LHB Miguel Martínez 0-0: Swinging Strike
0-1: Ball
1-1: Ball
2-1: Ball
3-1: Base on Balls
Batting: LHB Kelly Drijver 0-0: Called Strike
0-1: Foul Ball, location: 2F
0-2: Ball
Miguel Martínez steals 2nd base
1-2: Foul Ball, location: 2F
1-2: Ball
2-2: Foul Ball, location: 2F
2-2: Ground out 4-3 (Groundball, 4)
Miguel Martínez to third
Batting: RHB Peter Agulera 0-0: Foul Ball, location: 2F
0-1: Ball
Wild Pitch!
Miguel Martínez scores
1-1: Foul Ball, location: 2F
1-2: Ball
2-2: Ball
3-2: Foul Ball, location: 2F
3-2: Base on Balls
Pitching: LHP José Ortíz
Batting: RHB Gregory Shankland 0-0: Called Strike
0-1: Ball
1-1: SINGLE (Groundball, 56D)
Peter Agulera to second
Batting: RHB Jesús Torres 0-0: Called Strike
0-1: Ball
1-1: Ball
2-1: Swinging Strike
2-2: Ball
3-2: Strikes out swinging
Bottom of the 8th over - 1 run, 1 hit, 0 errors, 2 left on base; Pure Michigan 6 - Alaskan 9
TOP OF THE 9TH
Pure Michigan Great Lakers batting - Pitching for Alaskan Humpbacks : RHP Juan Sánchez
Batting: RHB Roberto Hernández 0-0: Ball
1-0: Fly out, F5 (Line Drive, 56)
Batting: SHB Keyveat Postell 0-0: Ball
1-0: SINGLE (Groundball, 4MD)
Batting: SHB Shiki Sanu 0-0: Called Strike
0-1: Ball
1-1: Foul Ball, location: 2F
1-2: Fly out, F8 (Flyball, 8RXD)
Batting: LHB Lance Antle 0-0: Called Strike
0-1: Swinging Strike
0-2: Ball
1-2: SINGLE (Line Drive, 6MD)
Keyveat Postell to second
Batting: RHB Steve Irwin 0-0: Ball
1-0: Ball
2-0: Foul Ball, location: 2F
2-1: Foul Ball, location: 2F
2-2: Ball
3-2: Base on Balls
Keyveat Postell to third
Lance Antle to second
Batting: RHB Cole Shaffer 0-0: Called Strike
0-1: Swinging Strike
0-2: Strikes out swinging
Top of the 9th over - 0 runs, 2 hits, 0 errors, 3 left on base; Pure Michigan 6 - Alaskan 9
Tuesday, December 19th, 2017 - OOTP Baseball 18.8 Build 76